 Dungeon Crawl Stone Soup version 0.32-a0-961-gd60f5e5fc7 (webtiles) character file.

Game seed: 15377788780887371281

155 octoduck the Chopper (level 5, -4/45 HPs)
             Began as a Mountain Dwarf Monk on Apr 17, 2024.
             Splashed by a jelly's acid (12 damage)
             ... in a sewer.
             The game lasted 00:06:17 (2470 turns).

octoduck the Chopper (Mountain Dwarf Monk)          Turns: 2470, Time: 00:06:18

Health: -4/45      AC: -9    Str: 14    XL:     5   Next: 14%
Magic:  5/5        EV: 10    Int: 12    God:
Gold:   76         SH:  0    Dex: 12    Spells: 4/4 levels left

rFire   . . .        a - +0 hand axe
rCold   . . .        d - orb {light}
rNeg    . . .        g - +1 ring mail
rPois   .            (no helmet)
rElec   .            (no cloak)
rCorr   .            m - +0 pair of gloves
SInv    .            (no boots)
Will    .....        (no amulet)
Stlth   +            (no ring)
HPRegen 0.27/turn    (no ring)
MPRegen 0.09/turn

%: no passive effects
@: corroded, glowing
A: runic magic, artefact enchanting
a: no special abilities


You were in a sewer.
You visited 1 branch of the dungeon, and saw 3 of its levels.
You also visited: Sewer.

You collected 76 gold pieces.

Inventory:

Hand Weapons
 a - a +0 hand axe (weapon)
Missiles
 l - a curare-tipped dart (quivered)
Armour
 b - a +0 robe
 d - an orb of light (worn)
 g - a +1 ring mail (worn)
 m - a +0 pair of gloves (worn)
Jewellery
 f - a ring of fire
Talismans
 o - a blade talisman
Scrolls
 e - a scroll of enchant armour
 h - a scroll of fear {unknown}
 i - a scroll of immolation
 j - 2 scrolls of amnesia
Potions
 c - 2 potions of ambrosia
 n - a potion of mutation {unknown}
 p - a potion of cancellation {unknown}


   Skills:
 - Level 3.3 Fighting
 + Level 7.1 Axes
 - Level 2.2 Dodging


You had 4 spell levels left.
You didn't know any spells.
Your spell library contained the following spells:

 Spells                   Type           Power      Damage    Failure   Level
 Necrotise                Necr           0%         1d4       36%         1
 Cigotuvi's Dreadful Rot  Necr/Alch/Air  0%         N/A       52%         2
 Lesser Beckoning         Tloc           0%         N/A       52%         2
 Maxwell's Portable Pile  Tloc           0%         2d(5-13)  75%         3
 Teleport Other           Tloc           0%         N/A       75%         3
 Vampiric Draining        Necr           0%         2d6       75%         3
 Dispel Undead            Necr           0%         3d6       98%         4
 Martyr's Knell           Necr/Summ      0%         N/A       98%         4
 Curse of Agony           Necr           0%         N/A       100%        5


Dungeon Overview and Level Annotations

Branches:
Dungeon (3/15)              Sewer (1/1)

Altars:
The Shining One


Innate Abilities, Weirdness & Mutations

Your spellcasting is much less encumbered by armour.
You can use scrolls of enchantment on lesser artefacts.


Message History

Moving in this stuff is going to be slow.
Throw: 2 darts (curare)
Press: ? - help, Shift-Dir - straight line, f/p - endoplasm
Aim: an endoplasm (haloed, 97% to hit)
You throw a curare-tipped dart.
The curare-tipped dart hits the endoplasm.
You hear a splash.
The endoplasm closely misses you.
You hit the endoplasm.
The endoplasm is moderately wounded.
The endoplasm closely misses you.
You hit the endoplasm.
The endoplasm is almost dead.
You hit the jelly. The acid corrodes you!
Your hands burn!
The endoplasm hits you. The jelly hits you. The acid corrodes you!
You are splashed with acid!
You hit the endoplasm but do no damage.
The endoplasm is almost dead.
You hit the jelly but do no damage.
Your hands burn!
The endoplasm hits you. The jelly barely misses you.
You hit the endoplasm but do no damage.
The endoplasm is almost dead.
You hit the jelly but do no damage.
Your hands burn!
The endoplasm hits you. The jelly hits you.
You are splashed with acid.
You hit the endoplasm.
You kill the endoplasm!
You hit the jelly but do no damage. The acid corrodes you!
Your hands burn!
The jelly closely misses you.
You hit the jelly but do no damage.
Your hands burn!
The jelly is moderately wounded.
You hit the jelly but do no damage.
Your hands burn!
The jelly is moderately wounded.
The jelly closely misses you.
You hit the jelly but do no damage. The acid corrodes you!
Your hands burn!
* * * LOW HITPOINT WARNING * * *
The jelly is moderately wounded.
The jelly hits you.
* * * LOW HITPOINT WARNING * * *
The acid corrodes you!
You are splashed with acid!
You die...

#~...~.~~# #.~#
#..~.....# #.~#
########## #÷.# #####
##~~# ##~~~# #.~.#
#.... ##~.## #.~#
###÷.~# ####~~##
##.~~~.#
##~(@~~~####....~##
####~.J~~.~.##.~~~###
##~.((.~###..~.~~.##
#~.~~..##)##~...÷##
.....##..#..~##~.~~#
.~.~ #..##~.....~~#
~.~ #~~.##~~~~~~.~#
##∩.~~~~.~.#~.~#
##....#~..##~...


You could see a jelly.

Vanquished Creatures
  A jelly (Sewer)
  3 adders
  2 river rats (Sewer)
  2 dart slugs (D:2)
  3 ribbon worms
  2 bats
  11 endoplasms
  6 giant cockroaches
  2 goblins (D:1)
  6 hobgoblins
  7 jackals
  3 kobolds
  A quokka (D:1)
  6 ball pythons
  12 frilled lizards
  3 rats
70 creatures vanquished.

Notes
Turn   | Place    | Note
-------+----------+-------------------------------------------
     0 | D:1      | octoduck the Mountain Dwarf Monk began the quest for the
                  | Orb.
     0 | D:1      | Reached XP level 1. HP: 19/19 MP: 1/1
   102 | D:1      | Reached skill level 4 in Axes
   150 | D:1      | Reached XP level 2. HP: 21/26 MP: 2/2
   336 | D:1      | Found a faded altar of an unknown god.
   474 | D:1      | Reached skill level 5 in Axes
   770 | D:2      | Reached XP level 3. HP: 31/31 MP: 3/3
  1288 | D:2      | Found a glowing golden altar of the Shining One.
  1369 | D:2      | Reached XP level 4. HP: 37/38 MP: 4/4
  1809 | D:3      | Reached skill level 6 in Axes
  1841 | D:3      | Found a glowing drain.
  1844 | Sewer    | Entered a sewer
  2196 | Sewer    | Reached skill level 7 in Axes
  2196 | Sewer    | Reached XP level 5. HP: 6/45 MP: 5/5
  2470 | Sewer    | Splashed by a jelly's acid

Illustrated notes

Levels and vault maps discovered:
D:1:      amcnicky_arrival_gap_in_the_tavern_cellar, layout_rooms,
          hellmonk_ecumenical_altar_zigzags, grunt_decor_fettered,
          chequers_serial_rivers_room_a
D:2:      layout_loops_cross, basic_altar
D:3:      layout_basic, mainiacjoe_sewer_entry_somewhere_in_here_1, minivault_4,
          uniq_terence
Sewer:    sewer_hellmonk_slimy_pipes

Skill      XL: |  1  2  3  4 |
---------------+-------------+-----
Axes           | 4 5 7 |  7.1
Fighting       | |  3.3
Dodging        | |  2.2

Action                     |  1- 3 |  4- 6 || total
---------------------------+-------+-------++-------
  Melee: Hand axe          |   145 |   130 ||   275
  Throw: Dart              |       |     6 ||     6
    Use: Scroll            |       |     5 ||     5
         Potion            |       |     2 ||     2
 Armour: Ring mail         |    94 |    89 ||   183
  Dodge: Dodged            |    70 |    61 ||   131

Table legend: (Time is in decaauts)
 A = Elapsed time spent in this place.
 B = Non-inter-level travel time spent in this place.
 C = Inter-level travel time spent in this place.
 D = Time resting spent in this place.
 E = Time spent auto-exploring this place.
 F = Levels seen in this place.
 G = Mean time per level.
                   A        B        C        D        E       F      G
               +--------+--------+--------+--------+--------+-----+--------+
         Total |   2498 |   2376 |    122 |    603 |    852 |   4 |  624.5 |
       Dungeon |   1853 |   1731 |    122 |    280 |    795 |   3 |  617.7 |
         Sewer |    645 |    645 |      0 |    323 |     57 |   1 |  645.0 |
               +--------+--------+--------+--------+--------+-----+--------+

Top non-repeatable levels by time:
     D:2: 862 daAuts
     D:1: 732 daAuts
   Sewer: 645 daAuts
     D:3: 257 daAuts
